 Dungeon Crawl Stone Soup version 0.21.0-24-g2553a33 (webtiles) character file.

422 quantumfuzzball the Gusty (level 6, 0/50 HPs)
             Began as a Centaur Air Elementalist on Jan 22, 2018.
             Succumbed to an orc wizard's poison
             ... on level 4 of the Dungeon.
             The game lasted 00:15:19 (6758 turns).

quantumfuzzball the Gusty (CeAE)                    Turns: 6758, Time: 00:15:19

Health: 0/50       AC:  4    Str: 10    XL:     6   Next: 63%
Magic:  2/9        EV:  9    Int: 18    God:
Gold:   228        SH:  0    Dex: 10    Spells: 2/10 levels left

rFire    . . .     SeeInvis .   s - +3 spear
rCold    . . .     Gourm    .   (no shield)
rNeg     . . .     Faith    .   d - +0 leather armour
rPois    .         Spirit   .   (no helmet)
rElec    .         Reflect  .   (no cloak)
rCorr    .         Harm     .   (no gloves)
MR       .....                  (no barding)
Stlth    +.........             (no amulet)
HPRegen  0.16/turn              (no ring)
MPRegen  0.11/turn              (no ring)

@: lethally poisoned (0 -> -35), slowed
A: large, hooves 3, clever 1, deformed body, speed 2, tough skin 3
a: no special abilities


You were on level 4 of the Dungeon.
You were not hungry.

You visited 1 branch of the dungeon, and saw 5 of its levels.

You collected 228 gold pieces.

Inventory:

Hand Weapons
 h - a +0 whip
 s - a +3 spear (weapon)
Missiles
 k - 3 throwing nets (quivered)
Armour
 d - a +0 leather armour (worn)
Jewellery
 j - an uncursed ring of protection from magic {unknown}
 n - an uncursed ring of ice {unknown}
Wands
 w - a wand of iceblast (8)
 x - a wand of enslavement (14)
 z - a wand of digging (13)
Scrolls
 a - a scroll of fog
 e - a scroll of enchant weapon
 f - 2 scrolls of amnesia
 i - 4 scrolls of remove curse
 l - a scroll of teleportation
 m - a scroll of identify
 p - a scroll of immolation {unknown}
 q - a scroll of enchant armour {unknown}
 r - a scroll of fear {unknown}
 u - a scroll of noise {unknown}
Potions
 g - a potion of mutation
 o - a potion of lignification {unknown}
 t - a potion of haste {unknown}
 v - a potion of heal wounds {unknown}
Books
 b - a book of Air

   Spells                             Type                      Level
   a - Shock                          Conjuration/Air              1
   b - Swiftness                      Charms/Air                   2
   c - Static Discharge               Conjuration/Air              3
   d - Airstrike                      Air                          4
   e - Lightning Bolt                 Conjuration/Air              5
 y - a book of Misfortune

   Spells                             Type                      Level
   a - Confusing Touch                Hexes                        1
   b - Confuse                        Hexes                        3
   c - Gell's Gravitas                Translocation                3
   d - Petrify                        Transmutation/Earth          4
   e - Metabolic Englaciation         Hexes/Ice                    5
   f - Yara's Violent Unravelling     Hexes/Transmutation          5
Comestibles
 c - 11 rations
 A - 2 chunks of flesh


   Skills:
 + Level 2.4 Fighting
 + Level 2.4 Dodging
 - Level 1.2 Stealth
 + Level 2.6 Spellcasting
 + Level 2.6 Conjurations
 * Level 4.4 Air Magic


You had 2 spell levels left.
You knew the following spells:

 Your Spells              Type           Power        Failure   Level  Hunger
a - Shock                 Conj/Air       ###.         5%          1    #......
b - Airstrike             Air            ###.......   36%         4    #####..
c - Static Discharge      Conj/Air       ###.....     16%         3    ###....


Dungeon Overview and Level Annotations

Branches:
Dungeon (5/15)
 Temple: D:4-7

Altars:
Qazlal
Xom

Annotations:
D:3 MudFish's ghost, amateur MfGl


Innate Abilities, Weirdness & Mutations

You have hooves in place of feet.
Armour fits poorly on your strangely shaped body.
You cover ground very quickly.
You have extremely tough skin. (AC +3)
Your mind is acute. (Int +2)


Message History

Aim: an orc, wielding a war axe and wearing a leather armour (heavily wounded)
The zap hits the orc.
The orc is severely wounded.
* * * LOW HITPOINT WARNING * * *
You feel very sick. Something hits you but does no damage.
You are more poisoned.
The orc barely misses you. Something hits you but does no damage.
You are more poisoned.
You closely miss the orc.
The orc is severely wounded.
* * * LOW HITPOINT WARNING * * *
You feel very sick. The orc barely misses you. Something completely misses you.
The orc hits you with a war axe.
* * * LOW HITPOINT WARNING * * *
Okay, then.
It was a potion of mutation.
You feel extremely strange.
You feel clever.
Your vision blurs.
Your vision sharpens.
You die...

#.........# #.#.#.#
#.........# #.#.#.#
#.........# ##...#.#
#.........###....#.#
#................#.#
#############....#.#
.................#.#
########...####.{#.#
#............##@#.#
##.#####....#.##o#.# ##.#
##...#.##.#.##########
...######...#.##.#..........#
.......##...#.##.##########.#
..####.##...#.............#.#
####<#.##...####.#........#.#
# #.#.#########.#.########.#
# #.#.#..................#.#


You could see an orc.

Vanquished Creatures
  An ice beast (D:4)
  A howler monkey (D:5)
  An iguana (D:5)
  2 worker ants
  4 gnolls
  9 adders
  2 oozes
  6 worms
  A dart slug (D:1)
  A leopard gecko (D:2)
  2 orcs
  5 giant cockroaches
  9 goblins
  5 hobgoblins
  4 jackals (D:3)
  5 kobolds
  A ball python (D:2)
  5 bats
  7 frilled lizards
  A quokka skeleton (D:4)
  8 rats
80 creatures vanquished.

Notes
Turn   | Place    | Note
-------+----------+-------------------------------------------
     0 | D:1      | quantumfuzzball the Centaur Air Elementalist began the quest for the Orb.
     0 | D:1      | Reached XP level 1. HP: 14/14 MP: 3/3
    27 | D:1      | Reached skill level 1 in Conjurations
   439 | D:1      | Reached XP level 2. HP: 16/20 MP: 0/4
  1045 | D:1      | Reached skill level 3 in Air Magic
  1463 | D:2      | Reached XP level 3. HP: 4/27 MP: 1/5
  2506 | D:2      | Reached skill level 1 in Fighting
  2507 | D:2      | Reached XP level 4. HP: 35/35 MP: 1/7
  3705 | D:3      | Reached XP level 5. HP: 23/40 MP: 2/8
  3895 | D:3      | Noticed MudFish's ghost (amateur MfGl)
  5107 | D:3      | Learned a level 4 spell: Airstrike
  5111 | D:3      | Learned a level 3 spell: Static Discharge
  5505 | D:4      | Reached skill level 4 in Air Magic
  6084 | D:5      | Entered Level 5 of the Dungeon
  6104 | D:5      | Reached XP level 6. HP: 37/48 MP: 3/9
  6191 | D:5      | Noticed an ice beast
  6232 | D:4      | Killed an ice beast
  6498 | D:5      | Found a shimmering altar of Xom.
  6498 | D:5      | Found a stormy altar of Qazlal.
  6758 | D:4      | Gained mutation: Your mind is acute. (Int +2) [potion of mutation]
  6758 | D:4      | Gained mutation: Scrolls take you a little longer to read. [potion of mutation]
  6758 | D:4      | Lost mutation: Scrolls take you a little longer to read. [potion of mutation]
  6758 | D:4      | Succumbed to an orc wizard's poison

Skill      XL: |  1  2  3  4  5 |
---------------+----------------+-----
Conjurations   | 1 2 |  2.6
Air Magic      | 3 4 |  4.4
Fighting       | 1 2 |  2.4
Spellcasting   | 2 |  2.6
Dodging        | 2 |  2.4
Stealth        | |  1.2

Action                   |  1- 3 |  4- 6 || total
-------------------------+-------+-------++-------
Melee: Unarmed           |    22 |       ||    22
       Kick              |    17 |     7 ||    24
       Whip              |   103 |    21 ||   124
       Spear             |       |    39 ||    39
 Cast: Shock             |    29 |   127 ||   156
       Static Discharge  |       |     3 ||     3
  Use: Scroll            |     5 |       ||     5
       Potion            |       |     1 ||     1
  Eat: Chunk             |     5 |    10 ||    15
       Ration            |       |     1 ||     1
Armor: Robe              |     9 |       ||     9
       Leather armour    |    36 |    54 ||    90
Dodge: Dodged            |    64 |    91 ||   155
